 Dungeon Crawl Stone Soup version 0.27.1-33-g824d729ab1 (webtiles) character file.

Game seed: 11856978619046272009

1015 belegose the Charlatan (level 8, -1/67 HPs)
             Began as a Yellow Draconian Artificer on Dec 20, 2021.
             Slain by a centaur (7 damage)
             ... on level 5 of the Dungeon.
             The game lasted 00:12:26 (7010 turns).

belegose the Charlatan (Yellow Draconian Artificer) Turns: 7010, Time: 00:12:26

Health: -1/67      AC:  7    Str: 15    XL:     8   Next: 1%
Magic:  8/8        EV: 13    Int: 14    God:
Gold:   202        SH:  0    Dex: 11    Spells: 7/7 levels left

rFire    . . .     SeeInvis .   a - +4 mace
rCold    . . .     Faith    .   (no shield)
rNeg     . . .     Spirit   .   (armour unavailable)
rPois    .         Reflect  .   (helmet restricted)
rElec    .         Harm     .   (no cloak)
rCorr    +         Rampage  .   h - +0 pair of gloves
Will     .....                  (no boots)
Stlth    ++........             (no amulet)
HPRegen  0.21/turn              s - ring of resist corrosion
MPRegen  0.11/turn              (no ring)

@: no status effects
A: spit acid, AC +6, unfitting armour, cold-blooded, acid resistance
a: Breathe Acid


You were on level 5 of the Dungeon.
You visited 1 branch of the dungeon, and saw 5 of its levels.

You collected 202 gold pieces.

Inventory:

Hand Weapons
 a - a +4 mace (weapon)
 b - a +0 dagger
Missiles
 f - 178 stones
Armour
 h - a +0 pair of gloves (worn)
Jewellery
 s - a ring of resist corrosion (left hand)
 w - an amulet of magic regeneration
Wands
 c - a wand of charming (14)
 e - a wand of flame (7) (quivered)
 q - a wand of paralysis (9)
 r - a wand of iceblast (7)
Scrolls
 g - 3 scrolls of acquirement {unknown}
 j - a scroll of enchant armour {unknown}
 m - a scroll of fear {unknown}
 o - 2 scrolls of noise {unknown}
 v - a scroll of identify {unknown}
Potions
 i - a potion of heal wounds {unknown}
 k - 2 potions of mutation {unknown}
 l - 2 potions of might {unknown}
 n - 4 potions of curing {unknown}
 p - a potion of ambrosia {unknown}
 t - 2 potions of flight {unknown}
 u - a potion of lignification {unknown}
 x - a potion of haste {unknown}
Miscellaneous
 d - a piece from Xom's chessboard (15/15)


   Skills:
 + Level 4.6 Fighting
 + Level 3.5 Maces & Flails
 + Level 4.3 Dodging
 + Level 4.1 Stealth
 + Level 5.1 Evocations


You had 7 spell levels left.
You didn't know any spells.
Your spell library contained the following spells:

 Spells                   Type           Power      Damage    Failure   Level
 Corona                   Hex            0%         N/A       28%         1
 Sandblast                Erth           0%         2d4       28%         1
 Ensorcelled Hibernation  Hex/Ice        0%         N/A       41%         2
 Passwall                 Tmut/Erth      0%         N/A       41%         2
 Tukima's Dance           Hex            0%         N/A       65%         3
 Lee's Rapid Deconstruct  Erth           0%         3d5*      100%        5


Dungeon Overview and Level Annotations

Branches:
Dungeon (5/15)
 Temple: D:4-7

Altars:
Sif Muna


Innate Abilities, Weirdness & Mutations

You can spit globs of acid.
Your golden yellow scales are hard. (AC +6)
You cannot fit into any form of body armour.
You are cold-blooded and may be slowed by cold attacks.
You are resistant to acid. (rCorr)


Message History

The orc wizard casts a spell at you. The puff of flame hits you.
The orc wizard points at you and mumbles some strange words.
You resist with some effort.
You closely miss the orc wizard.
The orc wizard is heavily wounded.
The orc wizard hits you with a +0 dagger.
You sock the orc wizard!
You kill the orc wizard!
You have reached level 8!
You feel clever.
You barely miss the centaur.
The centaur unwields a +0 shortbow.
The centaur wields a +0 mace.
The centaur closely misses you. The centaur misses you.
The centaur hits you with a +0 mace.
The centaur kicks you but does no damage.
You hit the centaur.
The centaur is lightly wounded.
The centaur hits you with a +0 mace. The centaur closely misses you.
The centaur barely misses you. The centaur misses you.
You barely miss the centaur.
The centaur is lightly wounded.
The centaur hits you with a +0 mace. The centaur closely misses you.
The centaur hits you with a +0 mace!
The centaur kicks you but does no damage.
You hit the centaur.
The centaur is moderately wounded.
The centaur misses you. The centaur closely misses you.
You hit the centaur.
The centaur is severely wounded.
The centaur hits you with a +0 mace!
* * * LOW HITPOINT WARNING * * *
The centaur kicks you but does no damage.
The centaur hits you with a +0 mace.
* * * LOW HITPOINT WARNING * * *
The centaur kicks you.
* * * LOW HITPOINT WARNING * * *
You completely miss the centaur.
The centaur is severely wounded.
The centaur hits you with a +0 mace!
You die...

...................#...#
............####.#...#..
.............# ####.#..#
.............####.####.#
...............##)# ###
............##.##.####..
#...........##.#........
#.##c##.......#.##### #
#@##.###.....# #
#....).....######
####.#.......#.......#
#.......###....##....#
#..##.##.....#..###)..#
#. ...........#...# .
.###........#.<.## ##..
..........#...## #.
#.#.......######


You could see a centaur.

Vanquished Creatures
  Menkaure (D:4)
  A water moccasin (D:5)
  2 necrophages (D:5)
  A centaur (D:5)
  A phantom (D:3)
  2 jellies
  A hound (D:5)
  An orc priest (D:3)
  A centaur skeleton (D:5)
  2 iguanas
  3 orc wizards
  2 adders
  4 gnolls (D:2)
  2 worms (D:2)
  4 dart slugs
  22 orcs
  4 bats
  4 endoplasms
  7 giant cockroaches
  14 hobgoblins
  3 jackals (D:1)
  A quokka (D:1)
  8 ball pythons
  7 frilled lizards
  9 goblins
  8 kobolds
  4 rats
119 creatures vanquished.

Vanquished Creatures (collateral kills)
  An endoplasm (D:3)
1 creature vanquished.

Vanquished Creatures (others)
  An orc (D:3)
1 creature vanquished.

Grand Total: 121 creatures vanquished

Notes
Turn   | Place    | Note
-------+----------+-------------------------------------------
     0 | D:1      | belegose the Draconian Artificer began the quest for the
                  | Orb.
     0 | D:1      | Reached XP level 1. HP: 16/16 MP: 1/1
    30 | D:1      | Reached skill level 1 in Stealth
   414 | D:1      | Reached XP level 2. HP: 23/23 MP: 2/2
  1077 | D:1      | Reached XP level 3. HP: 28/29 MP: 3/3
  1137 | D:1      | Found a faded altar of an unknown god.
  2299 | D:2      | Reached XP level 4. HP: 35/36 MP: 4/4
  2699 | D:2      | Reached skill level 1 in Maces & Flails
  3080 | D:3      | Reached XP level 5. HP: 9/42 MP: 5/5
  3434 | D:3      | Found a shimmering blue altar of Sif Muna.
  3938 | D:3      | Noticed a phantom
  3979 | D:3      | Killed a phantom
  3980 | D:3      | Reached skill level 4 in Evocations
  4880 | D:4      | Reached XP level 6. HP: 51/51 MP: 6/6
  5116 | D:4      | Noticed Menkaure
  5683 | D:4      | Identified the +6 rapier "Axoujiur" {vorpal, Contam rCorr
                  | Int+2 Dex+3}
  5810 | D:4      | Killed Menkaure
  6212 | D:5      | Entered Level 5 of the Dungeon
  6335 | D:5      | Your scales start taking on a golden yellow colour.
  6335 | D:5      | Reached XP level 7. HP: 42/58 MP: 7/7
  6335 | D:5      | Gained mutation: You are resistant to acid. (rCorr) [Yellow
                  | Draconian growth]
  6729 | D:5      | Reached skill level 5 in Evocations
  7005 | D:5      | Reached XP level 8. HP: 47/67 MP: 8/8
  7010 | D:5      | Slain by a centaur

Illustrated notes

Levels and vault maps discovered:
D:1:      beargit_arrival_diablo_church, layout_basic,
          hellmonk_ecumenical_altar_zigzags, hangedman_glass_teeth
D:2:      layout_basic
D:3:      layout_basic, nicolae_sif_muna_condensation
D:4:      layout_basic, serial_glass, glass_columns_b, glass_columns_b,
          dk_noncrumbling_4, uniq_menkaure
D:5:      minmay_spotlight, layout_rooms, minmay_misc_feat_columns

Skill      XL: |  1  2  3  4  5  6  7 |
---------------+----------------------+-----
Stealth        | 1 2 3 4 |  4.1
Fighting       | 2 3 4 |  4.6
Maces & Flails | 1 2 3 |  3.5
Dodging        | 3 4 |  4.3
Evocations     | 4 5 |  5.1

Action                   |  1- 3 |  4- 6 |  7- 9 || total
-------------------------+-------+-------+-------++-------
Melee: Dagger            |    78 |       |       ||    78
       Club              |     7 |       |       ||     7
       Tailslap          |    14 |    15 |     7 ||    36
       Mace              |    69 |   188 |    63 ||   320
 Abil: Breathe Acid      |       |       |     1 ||     1
Evoke: Wand              |       |    10 |     2 ||    12
       Piece from Xom's  |       |     1 |       ||     1
 Stab: Sleeping          |     2 |     2 |     2 ||     6
       Distracted        |     1 |       |       ||     1
       Paralysed         |       |     2 |       ||     2
Armor: Skin              |    42 |    64 |    27 ||   133
Dodge: Dodged            |    87 |   125 |    49 ||   261
